[Event "Fast Chess"]
[Site "ChessKid.com"]
[Date "2020.04.19"]
[Round "1"]
[White "Sasse, Gabriel"]
[Black "Georgiev, Maximilian"]
[Result "1-0"]
[ECO "B01"]
[WhiteElo "1257"]
[BlackElo "1358"]
[PlyCount "85"]
[EventDate "2020.??.??"]
[TimeControl "300"]
[WhiteClock "0:02:14"]
[BlackClock "0:01:55"]

1. e4 d5 2. exd5 Qxd5 3. Nc3 Qd8 4. Nf3 Nf6 5. Bc4 e6 6. O-O Be7 7. h3 O-O 8. Ne1 Nc6 9. Qf3 g6 10. Qd1 Bd7 11. Bb5 a6 12. Bxc6 Bxc6 13.
Qe2 Bb5 14. Nxb5 axb5 15. Qxb5 b6 16. Qe2 Re8 17. Qd1 Kh8 18.
b3 Kg7 19. Bb2 Ra5 20. Bc3 Rb5 21. Qe2 Rc5 22. Bb4 Rc6 23. Bxe7 Rxe7 24. Nf3 Rxc2 25. Ne1 Rc6 26. Nf3 Rd6 27. Ne5 Rxd2 28. Qe3 Qd5 29. Nf3 Rc2 30. Rad1 Qb5 31. Nd4 Qc5 32. Nxc2 Qxc2 33. Rc1 Qxa2 34. Qc3 Qa7 35. Ra1 Qb7 36. g4 e5 37. g5 Ne4 38. Qb4 Kf8 39. f3 Nxg5 40.
Rad1 Ke8 41. Qd2 Nxh3+ 42. Kh2 Nf4 43. Qd8# {
[%emt 0:00:02] LimeFarActor won by checkmate} 1-0

[Event "Fast Chess"]
[Site "ChessKid.com"]
[Date "2020.04.19"]
[Round "1"]
[White "Li, Tobias"]
[Black "Halimi, Dorian"]
[Result "1/2-1/2"]
[ECO "C00"]
[WhiteElo "1317"]
[BlackElo "1098"]
[PlyCount "115"]
[EventDate "2020.??.??"]
[TimeControl "300"]
[WhiteClock "0:02:20"]
[BlackClock "0:01:26"]

1. e4 e6 2. Nf3 Nf6 3. Nc3 Nc6 4. Bc4 Bb4 5. O-O Bxc3 6.
bxc3 Nxe4 7. d3 Nxc3 8. Qd2 Nd5 9. Bxd5 exd5 10. Qg5 Qxg5 11. Bxg5 O-O 12. Rfe1 h6 13. Be7 Nxe7 14. Rxe7 b5 15. Rb1 c6 16. Rc1 a5 17. c4 b4 18. cxd5 cxd5 19. Ra1 a4 20. a3 b3 21. Rb1 Rb8 22. Re2 Ba6 23. Rd2 Rfe8 24. d4 Re2 25. Rxe2 Bxe2 26. Ne5 d6 27. Nf3 Bxf3 28. gxf3 b2 29. Kf1 Rb3 30. Ke2 Kh7 31.
Kd2 Rxa3 32. Kc2 Rb3 33. Rxb2 Rxb2+ 34. Kxb2 g5 35. Ka3 f6 36. Kxa4 Kg6 37. Kb3 f5 38. Kc3 h5 39. Kd3 g4 40. fxg4 fxg4 41.
Ke3 Kg5 42. f3 gxf3 43. Kxf3 h4 44. h3 Kh5 45. Kf4 Kh6 46.
Kg4 Kg6 47. Kxh4 Kf5 48. Kg3 Ke4 49. h4 Kxd4 50. h5 Ke5 51.
h6 Kf6 52. Kg4 Kg6 53. Kf4 d4 54. Ke4 d3 55. Kxd3 Kxh6 56. Kd4 Kg6 57. Kd5 Kf6 58. Kxd6 {[%emt 0:00:00] Game drawn - insufficient material} 1/2-1/2

[Event "Fast Chess"]
[Site "ChessKid.com"]
[Date "2020.04.19"]
[Round "2"]
[White "Sasse, Gabriel"]
[Black "Li, Tobias"]
[Result "1/2-1/2"]
[ECO "C50"]
[WhiteElo "1258"]
[BlackElo "1316"]
[PlyCount "133"]
[EventDate "2020.??.??"]
[TimeControl "300"]
[WhiteClock "0:00:02"]
[BlackClock "0:01:22"]

1. e4 e5 2. Nf3 Nc6 3. Bc4 Bc5 4. h3 Nf6 5. O-O O-O 6. Ne1 Ne8 7. Qg4 Nf6 8. Qg3 Re8 9. d3 d5 10. exd5 Nxd5 11. Bh6 Qf6 12. Bg5 Qg6 13. Bxd5 h6 14. Be3 Bxe3 15. Qxe3 Nd4 16. Qd2 Bxh3 17. Be4 Bf5 18. Bxf5 Qxf5 19. c3 Nc6 20. d4 exd4 21. cxd4 Qd5 22. Nc3 Qxd4 23. Qxd4 Nxd4 24. Nd5 Rac8 25. Rd1 Ne2+ 26. Kh1 Kf8 27. Nf3 Rcd8 28. Rfe1 Nf4 29. Rxe8+ Kxe8 30. g3 Nxd5 31. Ne5 Nf6 32. Rxd8+ Kxd8 33. Nxf7+ Ke7 34. Ne5 Ne4 35. Kg2 Ke6 36. Nd3 Nf6 37. Nc5+ Kd6 38. Nxb7+ Kc6 39. Na5+ Kb6 40. Nc4+ Kc6 41. Ne5+ Kd6 42. Nf7+ Ke7 43. Ne5 Ke6 44. Nd3 Kd5 45. Nb4+ Kc4 46. Na6 Nd5 47. b3+ Kb5 48. Nb8 Kb4 49. Nd7 Ka3 50. f4 Kxa2 51. g4 Kxb3 52. f5 a5 53.
Kh3 a4 54. Kh4 a3 55. Kh5 a2 56. g5 hxg5 57. Kxg5 a1=Q 58. Kg6 Nf4+ 59. Kg5 Qg1+ 60. Kh4 Qg2 61. Ne5 Kc3 62. Ng4 Kd4 63. f6 gxf6 64. Nxf6 Ke5 65. Nh5 Kf5 66. Ng7+ Kf6 67. Nh5+ {[%emt 0:00:05] Game drawn - timeout vs
insufficient material} 1/2-1/2

[Event "Fast Chess"]
[Site "ChessKid.com"]
[Date "2020.04.19"]
[Round "2"]
[White "Halimi, Dorian"]
[Black "Li, Patrick"]
[Result "0-1"]
[ECO "C20"]
[WhiteElo "1090"]
[BlackElo "1095"]
[PlyCount "50"]
[EventDate "2020.??.??"]
[TimeControl "300"]
[WhiteClock "0:02:35"]
[BlackClock "0:03:00"]

1. e4 e5 2. Qh5 Nc6 3. Bc4 g6 4. Qf3 Nf6 5. Nh3 Bc5 6. Ng5 O-O 7. Nxf7 Rxf7 8. Bxf7+ Kxf7 9. O-O Kg7 10. Nc3 Ng4 11. Qxg4 d5 12. exd5 Bxg4 13. dxc6 bxc6 14. h3 Bd7 15. g4 Qf6 16. d3 Re8 17. Be3 Bxe3 18. fxe3 Qe6 19. b4 Rf8 20. Rfe1 Qf6 21. a4 Qf2+ 22. Kh1 Qg3 23. b5 cxb5 24. axb5 Rf2 25. Rg1 Qh2# {[%emt 0:00:04]
WideClassyQuiz won by checkmate} 0-1

[Event "Fast Chess"]
[Site "ChessKid.com"]
[Date "2020.04.19"]
[Round "3"]
[White "Li, Patrick"]
[Black "Sasse, Gabriel"]
[Result "0-1"]
[ECO "C50"]
[WhiteElo "1091"]
[BlackElo "1263"]
[PlyCount "32"]
[EventDate "2020.??.??"]
[TimeControl "300"]
[WhiteClock "0:04:31"]
[BlackClock "0:03:41"]

1. e4 e5 2. Nf3 Nc6 3. Nc3 Bc5 4. Bc4 h6 5. O-O Nf6 6. h3 O-O 7. d3 Ne8 8. Bb5 d6 9. Bxc6 bxc6 10. Re1 Bd4 11. Be3 Bxe3 12. Rxe3 Qf6 13. Qe2 Qg6 14. Qd2 Bxh3 15. Nh4 Qg5 16. Rxh3 Qxd2 {[%emt 0:00:03] LimeFarActor won by resignation} 0-1

[Event "Fast Chess"]
[Site "ChessKid.com"]
[Date "2020.04.19"]
[Round "3"]
[White "Georgiev, Maximilian"]
[Black "Li, Tobias"]
[Result "1-0"]
[ECO "C50"]
[WhiteElo "1365"]
[BlackElo "1309"]
[PlyCount "33"]
[EventDate "2020.??.??"]
[TimeControl "300"]
[WhiteClock "0:03:56"]
[BlackClock "0:04:21"]

1. e4 e5 2. Nf3 Nc6 3. Bc4 Bc5 4. O-O Nf6 5. Nc3 O-O 6. d3 d6 7. Bg5 h6 8. Bh4 Bg4 9. a4 a6 10. b3 b6 11. Bd5 Nd4 12. Bxa8 Nxf3+ 13. gxf3 Bh5 14. Bd5 g5 15. Bg3 Nxd5 16. Nxd5 Qd7 17. Nf6+ {[%emt 0:00:01] TallSnazzyBall
won by resignation} 1-0

[Event "Fast Chess"]
[Site "ChessKid.com"]
[Date "2020.04.02"]
[Round "1"]
[White "Koller, Philipp"]
[Black "Jankovic, Tiana"]
[Result "1/2-1/2"]
[ECO "C23"]
[WhiteElo "847"]
[BlackElo "896"]
[PlyCount "96"]
[EventDate "2020.??.??"]
[TimeControl "900+100"]
[WhiteClock "0:06:21"]
[BlackClock "0:03:16"]

1. e4 e5 2. Bc4 Bc5 3. Bb5 Nf6 4. Ba6 bxa6 5. d3 Nc6 6. a4 Nb4 7. b3 Ng4 8. f3 Bf2+ 9. Ke2 Bxg1 10. Rxg1 Nxh2 11. g4 d6 12. Rh1 Nxg4 13. fxg4 Bxg4+ 14. Ke1 Bxd1 15. Kxd1 c6 16. c3 d5 17. cxb4 dxe4 18. Rh3 Qxd3+ 19. Rxd3 exd3 20. Nc3 e4 21. Nxe4 Rd8 22. b5 axb5 23. axb5 cxb5 24. Rxa7 f5 25. Nc5 g6 26. Bg5 Rd5 27. Ra8+ Kf7 28. Rxh8 Rxc5 29. Rxh7+ Ke6 30. b4 Rc4 31. Kd2 Rxb4 32. Kxd3 Rb3+ 33. Kc2 Rg3 34. Bh4 Rg4 35. Rh6 b4 36. Kb3 Kd5 37. Be7 f4 38. Rh1 f3 39. Rf1 Rg3 40. Kxb4 g5 41. Bxg5 Rxg5 42. Rxf3 Re5 43. Rd3+ Ke4 44. Rd1 Rd5 45. Kc4 Rf5 46. Re1+ Kf4 47. Rf1+ Kg4 48. Rxf5 Kxf5 {[%emt 0:01:39] Game drawn - insufficient
material} 1/2-1/2

[Event "Fast Chess"]
[Site "ChessKid.com"]
[Date "2020.04.02"]
[Round "1"]
[White "Fikisz, Moritz"]
[Black "Knauss, Ben"]
[Result "1/2-1/2"]
[ECO "D00"]
[WhiteElo "838"]
[BlackElo "777"]
[PlyCount "81"]
[EventDate "2020.??.??"]
[TimeControl "900+100"]
[WhiteClock "0:17:15"]
[BlackClock "0:17:27"]

1. d4 d5 2. e3 e6 3. c3 c6 4. a3 b6 5. g3 c5 6. dxc5 bxc5 7. a4 e5 8. c4 dxc4 9. a5 c3 10. bxc3 c4 11. Qxd8+ Kxd8 12. g4 Bb4 13. cxb4 Bxg4 14. Kd2 Nf6 15. h3 Ne4+ 16. Ke1 Re8 17. hxg4 Re7 18. Rxh7 Rd7 19. Rxg7 Nd2 20. Bxd2 Rxd2 21. Nxd2 Nc6 22. Nxc4 Nd4 23. exd4 exd4 24. Rxf7 d3 25. Bxd3 Rc8 26. b5 Rxc4 27. Bxc4 a6 28. bxa6 Kc8 29. Rf8+ Kd7 30. Rf7+ Kd6 31. Be6 Kc5 32. Bc4 Kxc4 33. Rc7+ Kd3 34. Kf1 Ke4 35. Ra4+ Kd3 36. Rd7+ Kc2 37. Rc4+ Kb1 38. Rb4+ Ka1 39. Rd1+ Ka2 40. Rd2+ Ka1 41. Ne2 {[%emt 0:01:37]
Game drawn by stalemate} 1/2-1/2

[Event "Fast Chess"]
[Site "ChessKid.com"]
[Date "2020.04.02"]
[Round "2"]
[White "Jankovic, Tiana"]
[Black "Schwarz, Sophie"]
[Result "1-0"]
[ECO "A40"]
[WhiteElo "943"]
[BlackElo "611"]
[PlyCount "59"]
[EventDate "2020.??.??"]
[TimeControl "900+100"]
[WhiteClock "0:11:07"]
[BlackClock "0:11:58"]

1. d4 Nc6 2. Bf4 Nxd4 3. Qxd4 d5 4. Qd1 Bd7 5. f3 Nf6 6. e4 dxe4 7. fxe4 Nxe4 8. Nf3 Nf2 9. Kxf2 Ba4 10. Bd2 Bxc2 11. Qxc2 Qxd2+ 12. Qxd2 c5 13. a3 c4 14. b4 c3 15. Qxc3 e6 16. b5 Bxa3 17. Qxa3 a6 18.
bxa6 Rxa6 19. Qxa6 bxa6 20. Rxa6 h5 21. Ra8+ Kd7 22. Rxh8 h4 23. Nxh4 g5 24. Ng6 fxg6 25. g3 g4 26. h4 e5 27. Bb5+ Kd6 28. Rd1+ Kc5 29. Rc8+ Kxb5 30. Rdc1 {[%emt 0:02:16] PaleHulkingOak won by
resignation} 1-0

[Event "Fast Chess"]
[Site "ChessKid.com"]
[Date "2020.03.22"]
[Round "1"]
[White "Horvath, Alexander"]
[Black "Sasse, Gabriel"]
[Result "1-0"]
[ECO "C55"]
[WhiteElo "1413"]
[BlackElo "1158"]
[PlyCount "41"]
[EventDate "2020.??.??"]
[TimeControl "300+10"]
[WhiteClock "0:03:37"]
[BlackClock "0:03:52"]

1. e4 e5 2. Nf3 Nc6 3. Nc3 Nf6 4. Bc4 Bc5 5. Ng5 O-O 6.
Bxf7+ Rxf7 7. Nxf7 Kxf7 8. Nd5 Nxd5 9. exd5 Qf6 10. O-O Ne7 11.
Qh5+ Ng6 12. Qxh7 e4 13. d3 exd3 14. cxd3 b6 15. Be3 Bxe3 16. fxe3 Qxf1+ 17. Rxf1+ Ke8 18. Qxg6+ Ke7 19. Rf7+ Ke8 20. Qxg7 Ba6 21. Rf8# {[%emt 0:00:11] KeenOrangeTeeth won by checkmate} 1-0

[Event "Fast Chess"]
[Site "ChessKid.com"]
[Date "2020.03.22"]
[Round "1"]
[White "Georgiev, Maximilian"]
[Black "Kober, Stefan"]
[Result "0-1"]
[ECO "C77"]
[WhiteElo "1034"]
[BlackElo "1336"]
[PlyCount "84"]
[EventDate "2020.??.??"]
[TimeControl "300+10"]
[WhiteClock "0:01:56"]

1. e4 e5 2. Nf3 Nc6 3. Bb5 a6 4. Ba4 Nf6 5. Nc3 Bc5 6. h3 d6 7. O-O Bd7 8. d3 Nd4 9. Bxd7+ Qxd7 10. Bg5 Qe6 11. Bxf6 Qxf6 12. Nd5 Qd8 13. c3 Nxf3+ 14. Qxf3 O-O 15. b4 Ba7 16. Qf5 c6 17. Ne3 Qc8 18. Qg5 Bxe3 19. fxe3 Qe6 20. Rf3 h6 21. Qh4 b5 22. a3 a5 23. bxa5 Rxa5 24. Qf2 Qb3 25. Rf1 Ra7 26. h4 Qxa3 27. d4 exd4 28.
exd4 c5 29. c4 Qb4 30. cxb5 Qxb5 31. dxc5 dxc5 32. Rf5 Qc6 33.
Rxc5 Qxe4 34. Rc3 Qe6 35. Re3 Qd5 36. Rg3 Ra2 37. Qf4 Rd2 38.
Kh1 Rd1 39. Rxd1 Qxd1+ 40. Kh2 Qd5 41. Re3 Qd7 42. Qe4 Qd8 {[%emt 0:00:13]
VastMeaslyPlum won on time} 0-1

[Event "Fast Chess"]
[Site "ChessKid.com"]
[Date "2020.03.22"]
[Round "2"]
[White "Rigo, Clemens"]
[Black "Horvath, Alexander"]
[Result "0-1"]
[ECO "C42"]
[WhiteElo "780"]
[BlackElo "1417"]
[PlyCount "108"]
[EventDate "2020.??.??"]
[TimeControl "300+10"]
[WhiteClock "0:01:25"]
[BlackClock "0:00:36"]

1. e4 e5 2. Nf3 Nf6 3. Nxe5 Qe7 4. Nd3 Nxe4 5. Qe2 d5 6. f3 Ng5 7. Qxe7+ Bxe7 8. Nf4 Be6 9. Nxe6 Nxe6 10. Bb5+ Nc6 11. Bxc6+ bxc6 12. O-O O-O 13. Nc3 Nd4 14. d3 Bc5 15. Be3 Ne2+ 16. Nxe2 Bxe3+ 17. Kh1 Rfe8 18. h3 Bf4 19. Nxf4 g5 20. Nh5 Re2 21. Nf6+ Kg7 22. Ng4 Rxc2 23. b3 Rc3 24. Ne5 Re8 25. Ng4 Rxd3 26. Nf2 Rde3 27. Rfe1 Rxe1+ 28. Rxe1 Rxe1+ 29. Kh2 Re2 30. Kg1 Rxa2 31.
Nd3 Ra3 32. Nc5 d4 33. Kf2 Kf6 34. Ke2 Ke5 35. Kd3 Kd5 36. Ne4 Rxb3+ 37. Kc2 Rb6 38. Nf6+ Ke6 39. Nxh7 Kd6 40. Nxg5 f6 41. Nf7+ Ke6 42. Nd8+ Kd7 43. Nf7 a5 44. Nh6 a4 45. Nf5 c5 46. Nxd4 cxd4 47. Kd3 a3 48.
Kxd4 a2 49. Ke4 a1=Q 50. Kf4 Rb4+ 51. Kf5 Qe5+ 52. Kg6 Qg3+ 53. Kxf6 Rf4+ 54. Ke5 Qg5# {[%emt 0:00:11] KeenOrangeTeeth won by checkmate} 0-1

[Event "Fast Chess"]
[Site "ChessKid.com"]
[Date "2020.03.22"]
[Round "2"]
[White "Kober, Stefan"]
[Black "Georgiev, Daniel"]
[Result "0-1"]
[ECO "B90"]
[WhiteElo "1242"]
[BlackElo "1350"]
[PlyCount "70"]
[EventDate "2020.??.??"]
[TimeControl "300+10"]
[WhiteClock "0:01:40"]
[BlackClock "0:02:10"]

1. e4 c5 2. Nf3 d6 3. d4 cxd4 4. Nxd4 Nf6 5. Nc3 a6 6. Bd3 e5 7. Nf3 h6 8. O-O Be6 9. Be3 Be7 10. Re1 Nbd7 11. Ne2 O-O 12. Ng3 b5 13. Qd2 Nb6 14. Bxh6 gxh6 15. Qxh6 Nh7 16. Nh5 Bf6 17. Nxf6+ Qxf6 18. Qxf6 Nxf6 19. Ng5 Bc4 20. Re3 Bxd3 21. cxd3 Rac8 22. Rg3 Kh8 23. Rh3+ Kg7 24. Rg3 Kh6 25. Nf3 Rg8 26. Rh3+ Kg7 27. Ng5 Rc2 28. Rg3 Kf8 29. Nh7+ Nxh7 30. Rxg8+ Kxg8 31. b3 Rc3 32. Rd1 Nf6 33. f3 Rc2 34. Ra1 Nfd7 35. h3 Nc5 {[%emt 0:00:12] PastSkilledLyric
won by resignation} 0-1

[Event "Fast Chess"]
[Site "ChessKid.com"]
[Date "2020.03.22"]
[Round "2"]
[White "Sasse, Gabriel"]
[Black "Georgiev, Maximilian"]
[Result "0-1"]
[ECO "C44"]
[WhiteElo "1136"]
[BlackElo "1142"]
[PlyCount "62"]
[EventDate "2020.??.??"]
[TimeControl "300+10"]
[WhiteClock "0:02:54"]
[BlackClock "0:01:25"]

1. e4 e5 2. Nf3 Nc6 3. Be2 Nf6 4. h3 Bc5 5. O-O Nxe4 6. Bb5 a6 7. Bxc6 dxc6 8. Qe2 Qd5 9. d3 Nf6 10. Be3 Bxe3 11. Qxe3 O-O 12. Nc3 Qa5 13. Ne4 Nxe4 14. Qxe4 Re8 15. Ng5 h6 16. Qh7+ Kf8 17. Qh8+ Ke7 18. Qxg7 Rf8 19. Qxh6 f6 20. Qg7+ Ke8 21. Ne6 Rf7 22. Qg8+ Ke7 23. Nd8 Rf8 24. Qg7+ Ke8 25. Ne6 Rf7 26. Qh8+ Ke7 27. Nd8 Rf8 28. Qg7+ Ke8 29. Rae1 Qd5 30. d4 Rg8 31. Qxf6 Qxg2# {[%emt 0:00:12] TallSnazzyBall won by checkmate} 0-1

[Event "Fast Chess"]
[Site "ChessKid.com"]
[Date "2020.03.22"]
[Round "3"]
[White "Georgiev, Daniel"]
[Black "Horvath, Alexander"]
[Result "1-0"]
[ECO "C42"]
[WhiteElo "1410"]
[BlackElo "1384"]
[PlyCount "79"]
[EventDate "2020.??.??"]
[TimeControl "300+10"]
[WhiteClock "0:01:16"]
[BlackClock "0:00:18"]

1. e4 e5 2. Nf3 Nf6 3. Nxe5 Qe7 4. Nf3 Nxe4 5. Be2 Qf6 6.
O-O Qg6 7. d3 d5 8. dxe4 Bh3 9. Nh4 Qxe4 10. gxh3 Qxh4 11. Bf3 Qxh3 12. Re1+ Kd8 13. Qxd5+ Bd6 14. Qg5+ f6 15. Qg2 Qh4 16. Bxb7 Re8 17. Rxe8+ Kxe8 18. Bxa8 c6 19. Bxc6+ Nxc6 20. Qxc6+ Kf7 21.
Qd7+ Be7 22. Be3 Qb4 23. b3 h5 24. c3 Qg4+ 25. Kh1 Qf3+ 26.
Kg1 Qg4+ 27. Qxg4 hxg4 28. Kg2 f5 29. Nd2 Bf6 30. Bd4 Bxd4 31.
cxd4 Kf6 32. Nc4 Ke6 33. Rd1 Kd5 34. Ne3+ Ke4 35. d5 f4 36. d6 fxe3 37. fxe3 Kxe3 38. d7 Ke2 39. d8=Q g3 40. Qd3# {[%emt 0:00:11] PastSkilledLyric
won by checkmate} 1-0

[Event "Fast Chess"]
[Site "ChessKid.com"]
[Date "2020.03.22"]
[Round "3"]
[White "Sasse, Gabriel"]
[Black "Kober, Stefan"]
[Result "0-1"]
[ECO "C20"]
[WhiteElo "1124"]
[BlackElo "1300"]
[PlyCount "88"]
[EventDate "2020.??.??"]
[TimeControl "300+10"]
[WhiteClock "0:02:30"]
[BlackClock "0:02:06"]

1. e4 e5 2. Qh5 Nc6 3. Bc4 Qf6 4. d3 Bc5 5. Be3 Bxe3 6. fxe3 g6 7. Qf3 Qxf3 8. Nxf3 d6 9. Nc3 Nf6 10. O-O-O a6 11. Ng5 O-O 12. Bxf7+ Rxf7 13. Nxf7 Kxf7 14. Rhf1 Kg7 15. Nd5 Nxd5 16.
exd5 Ne7 17. e4 Bg4 18. Rde1 Ng8 19. h3 Bd7 20. Rf2 Nh6 21.
g4 Rf8 22. Rxf8 Kxf8 23. g5 Nf7 24. Rf1 Bxh3 25. Rf3 Bg4 26.
Rg3 Bd7 27. Rg1 Ke7 28. Rh1 Nxg5 29. Rg1 Kf6 30. c3 Nf3 31. Rf1 Bg4 32. d4 exd4 33. cxd4 Kg5 34. e5 dxe5 35. dxe5 Nxe5 36. Rd1 Bxd1 37. Kxd1 h5 38. Ke2 h4 39. Kf2 Kg4 40. Kg2 h3+ 41. Kh1 Kg3 42. b4 Nd3 43. a3 h2 44. d6 Nf2# {[%emt 0:00:11] VastMeaslyPlum won by checkmate} 0-1

[Event "Fast Chess"]
[Site "ChessKid.com"]
[Date "2020.03.22"]
[Round "3"]
[White "Georgiev, Maximilian"]
[Black "Rigo, Clemans"]
[Result "1-0"]
[ECO "B01"]
[WhiteElo "1163"]
[BlackElo "726"]
[PlyCount "69"]
[EventDate "2020.??.??"]
[TimeControl "300+10"]
[WhiteClock "0:00:03"]
[BlackClock "0:01:54"]

1. e4 d5 2. exd5 Qxd5 3. Nc3 Qe5+ 4. Be2 Nc6 5. Nf3 Qe6 6.
O-O Nf6 7. Ng5 Qf5 8. d3 Nd4 9. Bg4 Nxg4 10. Nh3 Qg6 11. Be3 Nxe3 12. fxe3 Bxh3 13. Rf2 Bg4 14. Qe1 Nf3+ 15. Rxf3 Bxf3 16. Qf2 Bd5 17. Nxd5 O-O-O 18. Re1 Rxd5 19. e4 Ra5 20. a3 h5 21. Qd4 h4 22. h3 e5 23. Qc4 Qg3 24. Rf1 Bc5+ 25. Kh1 g5 26. b4 Rxa3 27. bxc5 g4 28.
Qxf7 gxh3 29. Qe6+ Kd8 30. gxh3 Ra1 31. Qf6+ Kd7 32. Rxa1 Qxh3+ 33. Kg1 Qg3+ 34. Kh1 h3 35. Qf5+ {[%emt 0:00:13] TallSnazzyBall won on time} 1-0

[Event "Fast Chess"]
[Site "ChessKid.com"]
[Date "2020.03.23"]
[Round "1"]
[White "Halimi, Dorian"]
[Black "Horvath, Alexander"]
[Result "0-1"]
[ECO "C20"]
[WhiteElo "892"]
[BlackElo "1362"]
[PlyCount "76"]
[EventDate "2020.??.??"]
[TimeControl "900"]
[WhiteClock "0:11:33"]
[BlackClock "0:11:43"]

1. e4 e5 2. Qh5 Nc6 3. Qf3 Nd4 4. Qd3 Bc5 5. c3 Qh4 6.
cxd4 Bxd4 7. g3 Qe7 8. h4 Qf6 9. Bh3 Qxf2+ 10. Kd1 d6 11.
Nc3 Bxh3 12. Rxh3 Qxg1+ 13. Kc2 Qg2 14. Nb5 Kd8 15. g4 Nf6 16.
Kb1 Nxe4 17. Qc4 Rc8 18. Nxa7 Bxa7 19. Rb3 Qxg4 20. Rxb7 Nxd2+ 21. Bxd2 Qxc4 22. Rxa7 Qd3+ 23. Kc1 Qd4 24.
Bc3 Qg1+ 25. Kc2 Qxa7 26. Rf1 Rf8 27. b4 Qxa2+ 28. Bb2 Qc4+ 29. Kb1 Qxf1+ 30. Ka2 Ra8+ 31. Kb3 Qd3+ 32. Bc3 Ra1 33. b5 Rc1 34. Ka4 Qc2+ 35. Ka5 Qxc3+ 36. Ka6 Qb4 37. b6 Ra1+ 38. Kb7 Qxb6# {[%emt 0:
00:02] KeenOrangeTeeth won by checkmate} 0-1

[Event "Fast Chess"]
[Site "ChessKid.com"]
[Date "2020.03.23"]
[Round "1"]
[White "Sasse, Gabriel"]
[Black "Hessenberger, Oliver"]
[Result "1-0"]
[ECO "C55"]
[WhiteElo "1154"]
[BlackElo "743"]
[PlyCount "39"]
[EventDate "2020.??.??"]
[TimeControl "900"]
[WhiteClock "0:12:45"]
[BlackClock "0:13:39"]

1. e4 e5 2. Nf3 Nc6 3. Bc4 Nf6 4. Nc3 Bb4 5. h3 Bxc3 6.
dxc3 d5 7. exd5 Nxd5 8. Bxd5 O-O 9. O-O Qf6 10. Bxc6 Qxc6 11. Nxe5 Qc5 12. Qe1 b6 13. a4 Ba6 14. b3 Bxf1 15. Ba3 Qd5 16.
Bxf8 Kxf8 17. Kxf1 Re8 18. Rd1 Qa5 19. Nd7+ Kg8 20. Qxe8# {[%emt 0:00:03] LimeFarActor
won by checkmate} 1-0

[Event "Fast Chess"]
[Site "ChessKid.com"]
[Date "2020.03.23"]
[Round "1"]
[White "Gross, Lukas"]
[Black "Georgiev, Maximilian"]
[Result "0-1"]
[ECO "A00"]
[WhiteElo "702"]
[BlackElo "1105"]
[PlyCount "90"]
[EventDate "2020.??.??"]
[TimeControl "900"]
[WhiteClock "0:09:09"]
[BlackClock "0:07:30"]

1. g3 e5 2. Bg2 Nf6 3. Nh3 d6 4. O-O Be7 5. Nc3 c6 6. e4 O-O 7. d3 Na6 8. Bg5 h6 9. Bc1 Nc5 10. b4 Ncd7 11. f4 exf4 12. gxf4 Nb6 13. Rf2 c5 14. bxc5 dxc5 15. Rb1 Ng4 16. Rf1 Qd4+ 17. Kh1 Qxc3 18. Bd2 Qd4 19. c3 Qxd3 20. Rf3 Qxe4 21. Qe1 Qxe1+ 22. Rxe1 Bh4 23. Re2 Nf6 24. c4 Bg4 25. Rfe3 Bxe2 26. Rxe2 Rfe8 27. Be3 Ng4 28. Bf3 Nxe3 29. Rb2 Nexc4 30. Rb1 Nd2 31. Rb2 Nxf3 32. Rb3 Nd2 33. Rb2 Ne4 34. Re2 Ng3+ 35. Kg2 Nxe2 36. Kf3 Nc3 37. a3 Rad8 38. f5 Re4 39. Kg2 Rd3 40. Ng1 Ree3 41. a4 Rd2+ 42. Kh1 Ne4 43. a5 Nf2+ 44. Kg2 Ng4+ 45. Kh1 Rxh2# {[%emt 0:00:02]
TallSnazzyBall won by checkmate} 0-1

[Event "Fast Chess"]
[Site "ChessKid.com"]
[Date "2020.03.23"]
[Round "2"]
[White "Horvath, Alexander"]
[Black "Georgiev, Maximilian"]
[Result "1-0"]
[ECO "C50"]
[WhiteElo "1372"]
[BlackElo "1084"]
[PlyCount "71"]
[EventDate "2020.??.??"]
[TimeControl "900"]
[WhiteClock "0:09:08"]
[BlackClock "0:11:21"]

1. e4 e5 2. Nf3 Nc6 3. Nc3 Nf6 4. Bc4 h6 5. d3 Bc5 6. Be3 Bxe3 7. fxe3 d6 8. Bb5 Bd7 9. Nd5 a6 10. Bxc6 Bxc6 11. c4 Ng4 12. b3 Bxd5 13. exd5 Nxe3 14. Qe2 Nf5 15. Qe4 Qf6 16. O-O O-O 17. Nd2 g6 18. g4 Qg5 19. Nf3 Qe3+ 20. Kh1 Qxe4 21. dxe4 Ne3 22. Rg1 Nc2 23. Rac1 Nd4 24. Nxd4 exd4 25. Rcd1 c5 26. dxc6 bxc6 27. Rxd4 Rad8 28. Rgd1 Rfe8 29. c5 d5 30. exd5 cxd5 31. Rxd5 Rc8 32. Rc1 Re2 33. a4 Rb2 34. c6 Rxb3 35. c7 Kg7 36. Rd8 {[%emt 0:
00:03] KeenOrangeTeeth won by resignation} 1-0

[Event "Fast Chess"]
[Site "ChessKid.com"]
[Date "2020.03.23"]
[Round "2"]
[White "Halimi, Dorian"]
[Black "Sasse, Gabriel"]
[Result "0-1"]
[ECO "C48"]
[WhiteElo "848"]
[BlackElo "1160"]
[PlyCount "124"]
[EventDate "2020.??.??"]
[TimeControl "900"]
[WhiteClock "0:10:18"]
[BlackClock "0:10:09"]

1. e4 e5 2. Nf3 Nc6 3. Nc3 Nf6 4. Bb5 Bc5 5. Bxc6 dxc6 6.
d3 Ng4 7. Bg5 Be7 8. Bxe7 Qxe7 9. O-O O-O 10. h3 Nf6 11. Nh4 Ne8 12. g3 Qg5 13. Qf3 Bxh3 14. Rfe1 Bg4 15. Qe3 Qxe3 16. Rxe3 Nd6 17. Rae1 Nb5 18. Nxb5 cxb5 19. b3 Rad8 20. f3 Bc8 21. Rd1 Rd6 22. c4 Rh6 23. cxb5 Bd7 24. a4 a6 25. bxa6 bxa6 26. d4 exd4 27. Rxd4 Bh3 28. Red3 Rd6 29. Nf5 Rxd4 30. Rxd4 g6 31. Ne7+ Kg7 32. g4 Rb8 33. f4 Bxg4 34. Rd7 Rxb3 35. Rd4 Rb1+ 36. Kf2 Rb2+ 37. Kg3 Be2 38. f5 gxf5 39. exf5 Kf6 40. Nd5+ Ke5 41. Rf4 Kxd5 42. Kh4 Ke5 43. Kg5 f6+ 44. Kh4 Kxf4 45. a5 Kxf5 46. Kg3 c5 47. Kh4 Rd2 48. Kg3 c4 49. Kf2 c3 50. Ke3 Rd8 51. Kxe2 c2 52. Ke3 c1=Q+ 53. Kf3 Qe1 54. Kg2 Rd2+ 55. Kh3 Qe4 56. Kg3 Rd3+ 57. Kf2 Qe3+ 58. Kf1 Rd1+ 59. Kg2 Rd2+ 60. Kf1 Qh3+ 61. Ke1 Rg2 62. Kd1 Qh1# {[%emt 0:00:
02] LimeFarActor won by checkmate} 0-1

[Event "Fast Chess"]
[Site "ChessKid.com"]
[Date "2020.03.23"]
[Round "2"]
[White "Hessenberger, Oliver"]
[Black "Gross, Lukas"]
[Result "0-1"]
[ECO "B06"]
[WhiteElo "590"]
[BlackElo "723"]
[PlyCount "54"]
[EventDate "2020.??.??"]
[TimeControl "900"]
[WhiteClock "0:11:26"]
[BlackClock "0:10:48"]

1. e4 g6 2. Nf3 Bg7 3. Bc4 Nh6 4. Ng5 f6 5. Nf3 e6 6. b3 O-O 7. Ba3 Nc6 8. Bxf8 Bxf8 9. O-O f5 10. exf5 gxf5 11. Ng5 Qf6 12. Na3 Qxg5 13. Qf3 d5 14. Bb5 a6 15. Bxc6 bxc6 16. Qc3 Bxa3 17. Rae1 Bb7 18. Rxe6 Rf8 19. Rfe1 Bc8 20. Re8 Rxe8 21. Rxe8+ Kf7 22. Qe5 Bd7 23. g3 Bxe8 24. Qxc7+ Be7 25. Qc8 Qxd2 26. Qxa6 Qxc2 27. Qa3 Bxa3 {[%emt 0:
00:08] RosyPopularArm won by resignation} 0-1

[Event "Fast Chess"]
[Site "ChessKid.com"]
[Date "2020.03.23"]
[Round "3"]
[White "Sasse, Gabriel"]
[Black "Horvath, Alexander"]
[Result "0-1"]
[ECO "C50"]
[WhiteElo "1154"]
[BlackElo "1384"]
[PlyCount "64"]
[EventDate "2020.??.??"]
[TimeControl "900"]
[WhiteClock "0:12:08"]
[BlackClock "0:11:35"]

1. e4 e5 2. Nf3 Nf6 3. Nc3 Nc6 4. Bc4 h6 5. h3 Bc5 6. O-O O-O 7. d3 d6 8. a3 a6 9. b4 Ba7 10. b5 Ne7 11. bxa6 bxa6 12. Nd5 Nexd5 13. exd5 Bb7 14. Nd2 Nxd5 15. Qg4 Bc8 16. Qg3 Nc3 17. Nb1 Ne2+ 18.
Kh2 Nxg3 19. fxg3 Bd4 20. Ra2 Be6 21. Bxe6 fxe6 22. Rxf8+ Qxf8 23. c3 Ba7 24. d4 exd4 25. cxd4 Bxd4 26. Nd2 Qf6 27. Nf3 e5 28. Nxd4 exd4 29. Rb2 Qf1 30. Rc2 Re8 31. Bd2 Re2 32. h4 Qxg2# {[%emt 0:00:
02] KeenOrangeTeeth won by checkmate} 0-1